Map: New Gettysburg LE

Players

pOq (Nina)

  • Race: Protoss Protoss
  • League: Master

Stephano - Winner!

  • Race: Zerg Zerg
  • League: Master

Event: DreamHack ZOWIE Open Valencia 2016

VOD

Have the link to the VOD?

Description

Time

  • Played on: July 14, 2016, 4:09 p.m.
  • Length: 14:15

All games in this series

Show
View Real Time Build Order
Export as new Build Order

pOq Protoss 

Build Orders: 1 Gate Expand 

Get SALT Encoding   

  12  0:01  Probe (Chrono Boost)  
  13  0:11  Probe (Chrono Boost)  
  14  0:19  Pylon  
  14  0:22  Probe (Chrono Boost)  
  15  0:37  Probe (Chrono Boost)  
  15  0:38  Gateway  
  16  0:47  Assimilator  
  16  0:48  Probe (Chrono Boost)  
  17  0:58  Probe (Chrono Boost)  
  18  1:09  Probe (Chrono Boost)  
  19  1:19  Probe (Chrono Boost)  
  20  1:25  Nexus  
  20  1:39  Cybernetics Core  
  20  1:41  Probe (Chrono Boost)  
  20  1:44  Zealot  
  23  1:54  Pylon  
  23  1:58  Pylon  
  23  2:08  Assimilator  
  23  2:13  Adept  
  23  2:20  Mothership Core (Chrono Boost)  
  23  2:21  Pylon  
  27  2:28  Pylon  
  26  2:30  Warp Gate  
  26  2:37  Adept  
  29  2:48  Pylon  
  29  2:54  Gateway  
  28  3:03  Pylon  
  28  3:08  Sentry  
  28  3:10  Probe (Chrono Boost)  
  31  3:15  Probe (Chrono Boost)  
  32  3:22  Probe (Chrono Boost)  
  32  3:25  Probe (Chrono Boost)  
  35  3:34  Sentry, Probe (Chrono Boost)  
  35  3:36  Probe (Chrono Boost)  
  38  3:46  Probe (Chrono Boost)  
  39  3:49  Robotics Facility  
  39  3:52  Probe (Chrono Boost)  
  40  3:58  Probe (Chrono Boost)  
  41  4:03  Probe (Chrono Boost)  
  41  4:09  Probe (Chrono Boost)  
  43  4:11  Gateway  
  43  4:13  Probe (Chrono Boost)  
  44  4:20  Probe (Chrono Boost)  
  46  4:24  Probe (Chrono Boost)  
  46  4:30  Probe (Chrono Boost)  
  43  4:34  Probe (Chrono Boost)  
  43  4:36  Warp Prism  
  43  4:38  Sentry x2  
  48  4:42  Probe (Chrono Boost)  
  48  4:43  Pylon  
  48  4:45  Probe (Chrono Boost)  
  52  4:52  Pylon  
  53  4:54  Pylon, Probe (Chrono Boost)  
  53  4:55  Probe (Chrono Boost)  
  55  5:07  Probe (Chrono Boost)  
  55  5:08  Probe (Chrono Boost)  
  55  5:17  Twilight Council  
  55  5:20  Probe (Chrono Boost)  
  56  5:21  Nexus, Probe (Chrono Boost)  
  56  5:28  Pylon, Observer  
  57  5:32  Probe (Chrono Boost)  
  57  5:33  Adept x2  
  57  5:34  Adept  
  65  5:36  Probe (Chrono Boost)  
  65  5:42  Blink  
  67  5:44  Probe (Chrono Boost)  
  67  5:45  Pylon  
  67  5:47  Assimilator  
  67  5:49  Immortal  
  71  6:00  Assimilator, Probe (Chrono Boost)  
  72  6:09  Gateway  
  72  6:11  Gateway  
  72  6:13  Probe (Chrono Boost)  
  72  6:15  Probe (Chrono Boost)  
  74  6:21  Sentry  
  78  6:25  Probe (Chrono Boost), Immortal  
  78  6:27  Pylon, Probe (Chrono Boost)  
  82  6:35  Probe (Chrono Boost)  
  84  6:40  Probe (Chrono Boost)  
  84  6:42  Probe (Chrono Boost)  
  84  6:44  Adept x2  
  84  6:46  Probe (Chrono Boost)  
  90  6:52  Probe (Chrono Boost)  
  90  6:53  Pylon  
  90  6:54  Probe (Chrono Boost)  
  92  6:57  Probe (Chrono Boost)  
  93  7:03  Stalker  
  93  7:04  Probe (Chrono Boost)  
  93  7:05  Immortal  
  97  7:09  Probe (Chrono Boost)  
  97  7:12  Probe (Chrono Boost)  
  97  7:15  Forge  
  102  7:16  Pylon  
  102  7:18  Probe (Chrono Boost)  
  102  7:20  Stalker x2  
  102  7:21  Pylon  
  107  7:30  Stalker x3  
  107  7:33  Probe (Chrono Boost)  
  107  7:36  Assimilator  
  115  7:37  Probe (Chrono Boost)  
  115  7:38  Assimilator  
  115  7:39  Probe (Chrono Boost)  
  116  7:47  Protoss Shields Level 1  
  116  7:49  Templar Archives, Immortal  
  114  7:55  Probe x3 (Chrono Boost)  
  110  8:05  Probe (Chrono Boost)  
  110  8:06  Probe (Chrono Boost)  
  110  8:08  Probe (Chrono Boost)  
  112  8:14  Resonating Glaives  
  112  8:16  Probe (Chrono Boost)  
  112  8:17  Probe (Chrono Boost)  
  112  8:18  Photon Cannon  
  114  8:23  Adept x4  
  114  8:26  Probe (Chrono Boost)  
  121  8:27  Psionic Storm  
  121  8:28  Probe (Chrono Boost)  
  121  8:31  Immortal  
  126  8:37  Probe (Chrono Boost)  
  127  8:42  High Templar  
  127  8:44  High Templar  
  131  8:52  Photon Cannon  
  131  8:53  Gateway  
  131  8:54  Gateway  
  131  9:07  High Templar  
  131  9:08  High Templar  
  135  9:12  Immortal  
  135  9:13  Archon, Gateway  
  135  9:16  Gateway  
  139  9:26  High Templar  
  139  9:30  Pylon  
  140  9:32  Pylon  
  140  9:34  Pylon  
  140  9:36  Pylon  
  140  9:45  Pylon  
  140  9:46  Pylon  
  140  9:49  Protoss Shields Level 2  
  140  9:51  High Templar x2  
  140  9:52  Adept x3  
  150  9:55  Archon  
  150  10:08  Nexus  
  150  10:09  Pylon  
  150  10:10  Adept  
  150  10:12  Photon Cannon, Pylon  
  150  10:13  Photon Cannon  
  152  10:19  High Templar  
  152  10:20  High Templar  
  155  10:28  Archon  
  151  10:44  Nexus  
  151  10:45  Adept x4  
  151  10:47  Adept  
  161  10:51  Pylon  
  161  10:52  Pylon  
  161  10:54  Pylon, Dark Shrine  
  161  10:56  Pylon  
  161  11:02  Adept x2  
  160  11:13  Stalker  
  160  11:14  Stalker x3  
  160  11:17  Immortal  
  152  11:27  Probe (Chrono Boost)  
  152  11:32  Photon Cannon  
  131  11:34  Photon Cannon, Adept x4  
  131  11:35  Adept  
  131  11:36  Photon Cannon  
  131  11:37  Photon Cannon  
  131  11:39  Pylon  
  141  11:46  Robotics Facility  
  141  11:52  Nexus  
  141  11:57  Adept  
  141  11:58  Adept  
  141  11:59  Sentry  
  147  12:13  High Templar x2  
  147  12:14  High Templar x2  
  155  12:15  Adept  
  155  12:16  Adept  
  155  12:18  Archon  
  155  12:20  Archon  
  155  12:22  Photon Cannon  
  159  12:24  Photon Cannon  
  159  12:31  Photon Cannon  
  159  12:35  Pylon  
  159  12:43  Immortal  
  163  12:48  High Templar  
  163  12:49  High Templar x3  
  171  12:53  Archon x2  
  171  12:55  Probe (Chrono Boost)  
  171  12:56  Probe x2 (Chrono Boost)  
  174  12:58  Adept  
  174  12:59  Adept  
  174  13:01  Archon  
  174  13:02  Archon x3  
  174  13:04  Adept  
  181  13:05  Probe (Chrono Boost)  
  179  13:14  Immortal  
  179  13:18  Probe x2 (Chrono Boost)  
  177  13:22  Dark Templar x2  
  179  13:27  Dark Templar  
  179  13:28  Dark Templar  
  179  13:31  Dark Templar  
  181  13:35  Dark Templar  
  161  13:49  Pylon  
  124  13:59  Stalker x3  
  124  14:00  Stalker x2  
  65  14:12  Dark Templar  
  65  14:13  Zealot  
Show
View Real Time Build Order
Export as new Build Order

Stephano Zerg - Winner!

Build Orders: Pool First 

Get SALT Encoding   

  12  0:01  Drone  
  13  0:08  Drone  
  14  0:15  Extractor  
  14  0:16  Drone  
  14  0:33  Spawning Pool  
  13  0:36  Drone  
  14  0:45  Overlord  
  14  0:53  Drone, Extractor  
  15  1:05  Drone  
  16  1:19  Zergling x4  
  16  1:20  Zergling x2, Metabolic Boost  
  19  1:31  Zergling x2  
  20  1:35  Queen  
  22  1:40  Extractor  
  22  1:41  Zergling x2  
  23  1:59  Hatchery  
  22  2:05  Overlord  
  22  2:26  Drone x3  
  22  2:27  Queen  
  27  2:46  Drone  
  27  2:52  Hatchery  
  27  2:55  Drone  
  27  3:01  Drone  
  27  3:02  Drone  
  27  3:05  Drone  
  29  3:12  Drone  
  30  3:15  Drone  
  30  3:16  Drone  
  32  3:21  Drone x2  
  34  3:27  Overlord  
  34  3:35  Drone  
  34  3:41  Drone  
  36  3:44  Queen  
  36  3:45  Extractor  
  36  3:46  Drone x3  
  36  3:47  Drone  
  41  3:54  Drone  
  41  3:55  Drone  
  43  3:56  Drone  
  43  3:58  Spore Crawler  
  43  4:01  Zergling x2  
  44  4:05  Zergling x4  
  44  4:07  Queen  
  48  4:13  Evolution Chamber, Drone  
  48  4:15  Drone  
  50  4:17  Drone  
  50  4:23  Baneling Nest  
  49  4:27  Drone x2  
  49  4:28  Drone  
  50  4:37  Overlord  
  50  4:40  Roach Warren  
  50  4:42  Zerg Melee Weapons Level 1  
  49  4:46  Overlord  
  49  4:48  Overlord  
  49  4:56  Drone, Overlord  
  50  5:07  Drone x4  
  49  5:08  Drone x2  
  49  5:11  Drone x3  
  56  5:14  Drone  
  56  5:15  Drone  
  56  5:19  Overlord  
  58  5:21  Roach  
  58  5:27  Roach x3  
  66  5:31  Drone x2  
  68  5:35  Lair  
  68  5:37  Drone  
  68  5:41  Zergling x6  
  72  5:43  Drone x2  
  72  5:46  Drone x2  
  75  5:57  Queen  
  75  6:02  Hatchery  
  76  6:05  Drone  
  76  6:06  Drone x2  
  79  6:13  Baneling x2  
  79  6:15  Drone x2  
  79  6:16  Overlord  
  81  6:19  Overlord x3  
  81  6:31  Overlord  
  81  6:32  Overlord  
  81  6:35  Centrifical Hooks  
  81  6:36  Evolution Chamber, Zerg Ground Armor Level 1  
  81  6:38  Zergling x12  
  85  6:40  Baneling x2  
  85  6:46  Overlord  
  85  6:47  Zergling x10  
  90  6:58  Overlord  
  90  6:59  Drone x4  
  94  7:02  Extractor  
  94  7:03  Zerg Melee Weapons Level 2  
  94  7:04  Extractor  
  91  7:12  Zergling x12  
  91  7:13  Zergling x6  
  100  7:22  Drone x4  
  104  7:25  Drone  
  104  7:28  Zergling x6  
  104  7:29  Baneling x2  
  108  7:37  Hatchery, Infestation Pit  
  106  7:46  Zergling x8  
  106  7:47  Zergling x14  
  117  7:55  Overlord  
  116  7:58  Drone x2  
  116  7:59  Drone x2, Queen  
  116  8:03  Ravager x4  
  116  8:04  Baneling x3  
  116  8:05  Baneling x3  
  126  8:08  Zergling x14  
  133  8:27  Queen  
  132  8:32  Overlord  
  132  8:33  Hive  
  132  8:34  Drone x2, Spine Crawler  
  133  8:35  Pneumatized Carapace  
  133  8:36  Overseer  
  135  8:46  Zergling x2  
  135  8:47  Zergling x32  
  152  8:53  Zerg Ground Armor Level 2  
  152  8:55  Extractor  
  150  9:05  Extractor  
  149  9:11  Zergling x34  
  166  9:17  Drone x4  
  169  9:27  Hatchery  
  168  9:34  Overlord  
  168  9:37  Drone x5  
  173  9:46  Zergling x2  
  173  9:48  Overlord x3  
  173  9:50  Adrenal Glands  
  174  9:52  Ultralisk Cavern  
  174  9:54  Drone x2, Spine Crawler x2  
  174  9:55  Drone  
  174  10:04  Zerg Melee Weapons Level 3  
  173  10:07  Zergling x12  
  173  10:08  Zergling x14  
  170  10:30  Zergling x16  
  170  10:33  Overlord  
  162  10:43  Chitinous Plating  
  162  10:44  Overlord  
  162  10:45  Drone  
  162  10:46  Drone x2  
  162  10:47  Extractor  
  162  10:48  Extractor  
  137  11:15  Zergling x20  
  125  11:19  Zergling x10  
  125  11:20  Zergling x20  
  136  11:27  Zergling x4  
  136  11:28  Zerg Ground Armor Level 3  
  131  11:34  Zergling x6  
  125  11:42  Ultralisk x4  
  142  11:50  Zergling x8  
  138  12:02  Ultralisk x2  
  138  12:03  Ultralisk  
  151  12:15  Ultralisk x3  
  160  12:16  Overlord  
  160  12:22  Drone x3  
  163  12:28  Zergling x14  
  163  12:29  Zergling x22  
  181  12:40  Ultralisk  
  180  12:52  Zergling x24  
  192  13:12  Zergling x26  
  195  13:14  Baneling x14  
  195  13:15  Baneling x10  
  188  13:28  Zergling x22  
  196  13:34  Overseer  
  188  13:45  Zergling x26  
  188  13:46  Zergling x2  
  192  13:51  Zergling x6  

Tags
 
Add a new tag
Caveats
  • Supply blocks, unpowered buildings, or Contaminate may cause inaccurate times.
  • Supply counts are checked every 10 seconds.